 Dungeon Crawl Stone Soup version 0.30-a0-782-ge64f9170bb (webtiles) character file.

Game seed: 10947846149748043859

116598 Anon1729 the Fencer (level 16, -4/128 HPs)
             Began as a Minotaur Monk on Feb 20, 2023.
             Was the Champion of Hepliaklqana.
             Slain by an ettin
             ... wielding a +0 dire flail
              (26 damage)
             ... on level 2 of the Depths.
             The game lasted 00:31:56 (23914 turns).

Anon1729 the Fencer (Minotaur Monk)                Turns: 23914, Time: 00:31:57

Health: -4/128     AC: 15    Str: 24    XL:     16   Next: 21%
Magic:  24/24      EV: 17    Int:  7    God:    Hepliaklqana [******]
Gold:   1924       SH: 21    Dex: 21    Spells: 15/15 levels left

rFire   + + .      SeeInvis +    U - +4 scimitar (spect)
rCold   + + .      Faith    .    P - +2 shield of Resistance {rF++ rC++ Will++}
rNeg    . . .      Spirit   .    T - +4 scale mail of the Voracious Tick {Will+ Str+2 SInv}
rPois   .          Reflect  +    (helmet restricted)
rElec   .          Harm     .    (no cloak)
rCorr   .          Rampage  .    S - +0 pair of fencer's gloves {Riposte Dex+3}
Will    +++++                    n - +2 pair of boots
Stlth   +++                      m - amulet of reflection
HPRegen 0.41/turn                h - +4 ring of slaying
MPRegen 0.19/turn                N - ring "Viteyn" {Will+ Str+3}

@: no status effects
A: reduced essence, horns 2, retaliatory headbutt
a: Renounce Religion, Recall Ancestor, Ancestor Identity, Transference, Idealise


You were on level 2 of the Depths.
You worshipped Hepliaklqana.
Hepliaklqana was exalted by your worship.
You visited 4 branches of the dungeon, and saw 24 of its levels.

You collected 2574 gold pieces.
You spent 650 gold pieces at shops.

Inventory:

Hand Weapons
 U - a +4 spectral scimitar (weapon)
Missiles
 v - 4 throwing nets
Armour
 n - a +2 pair of boots (worn)
 P - the +2 shield of Resistance (worn) {rF++ rC++ Will++}
   (You found it on level 11 of the Dungeon)

   rF:        It greatly protects you from fire.
   rC:        It greatly protects you from cold.
   Will:      It greatly increases your willpower.
 S - the +0 pair of fencer's gloves (worn) {Riposte Dex+3}
   (You bought it in a shop on level 6 of the Dungeon)

   Riposte:   It allows the wearer to riposte with melee weapons, swiftly
   retaliating against missed or blocked melee attacks.
   Dex:       It affects your dexterity (+3).
 T - the +4 scale mail of the Voracious Tick (worn) {Will+ Str+2 SInv}
   (You found it on level 14 of the Dungeon)

   Str:       It affects your strength (+2).
   SInv:      It lets you see invisible.
   Will:      It increases your willpower.
Jewellery
 h - a +4 ring of slaying (left hand)
 m - an amulet of reflection (around neck)
 r - a ring of ice
 A - a ring of ice
 H - a +5 ring of evasion
 J - a ring of wizardry
 K - a +6 ring of dexterity
 N - the ring "Viteyn" (right hand) {Will+ Str+3}
   (You found it on level 11 of the Dungeon)

   [ring of willpower]

   Str:       It affects your strength (+3).
   Will:      It increases your willpower.
 V - a ring of ice
 W - an amulet of regeneration
 X - a +5 ring of evasion
Wands
 q - a wand of polymorph (4) (quivered)
 I - a wand of digging (6)
 L - a wand of charming (8)
 Q - a wand of flame (10)
Scrolls
 e - a scroll of butterflies
 f - 4 scrolls of magic mapping
 i - 3 scrolls of immolation
 o - 5 scrolls of teleportation
 t - 3 scrolls of poison
 w - 3 scrolls of enchant armour
 x - a scroll of fear
 z - 4 scrolls of fog
 B - 3 scrolls of amnesia
 C - 2 scrolls of enchant weapon
 F - 2 scrolls of blinking
 G - 6 scrolls of vulnerability
 O - 3 scrolls of noise
 R - a scroll of brand weapon
Potions
 a - 2 potions of resistance
 b - 6 potions of haste
 c - a potion of ambrosia
 d - 5 potions of curing
 g - 3 potions of brilliance
 k - a potion of heal wounds
 l - a potion of might
 p - a potion of berserk rage
 s - 3 potions of mutation
 u - 5 potions of flight
 y - 2 potions of attraction
 D - a potion of experience
 E - 2 potions of lignification
 M - a potion of magic
 Y - a potion of invisibility
 Z - 2 potions of cancellation


   Skills:
 + Level 13.0 Fighting
 * Level 17.8 Long Blades
 - Level 7.4 Ranged Weapons
 - Level 4.0 Armour
 + Level 12.1 Dodging
 + Level 9.9 Stealth
 * Level 13.0 Shields
 * Level 13.3 Invocations


You had 15 spell levels left.
You didn't know any spells.
Your spell library contained the following spells:

 Spells                   Type           Power      Damage    Failure   Level
 Necrotise                Necr           0%         1d4       91%         1
 Slow                     Hex            0%         N/A       91%         1
 Scorch                   Fire           0%         2d5       97%         2
 Call Canine Familiar     Summ           0%         N/A       100%        3
 Confusing Touch          Hex            0%         N/A       100%        3
 Dazzling Flash           Conj/Hex       0%         N/A       100%        3
 Inner Flame              Hex/Fire       0%         N/A       100%        3
 Ozocubu's Armour         Ice            0%         N/A       100%        3
 Portal Projectile        Hex/Tloc       0%         N/A       100%        3
 Vampiric Draining        Necr           0%         2d6       100%        3
 Vhi's Electric Charge    Tloc/Air       0%         N/A       100%        3
 Flame Wave               Conj/Fire      0%         2d4       100%        4
 Leda's Liquefaction      Hex/Erth       0%         N/A       100%        4
 Sticky Flame             Conj/Fire      0%         2d3       100%        4
 Agony                    Necr           0%         N/A       100%        5
 Arcjolt                  Conj/Air       0%         1d10      100%        5
 Metabolic Englaciation   Hex/Ice        0%         N/A       100%        5
 Silence                  Hex/Air        0%         N/A       100%        5
 Simulacrum               Ice/Necr       0%         N/A       100%        6
 Summon Cactus Giant      Summ           0%         N/A       100%        6
 Maxwell's Capacitive Co  Air            0%         ∞         100%        8


Dungeon Overview and Level Annotations

Branches:
Dungeon (15/15)            Temple (0/1) D:4            Lair (5/5) D:9
 Shoals (0/4) Lair:2       Spider (0/4) Lair:3        Slime (0/5) Lair:4
    Orc (2/2) D:11            Elf (0/3) Orc:2        Vaults (0/5) D:14
 Depths (1/4) D:15

Altars:
Ashenzari
Dithmenos
Elyvilon
Gozag
Hepliaklqana
Kikubaaqudgha
Makhleb
Nemelex Xobeh
Qazlal
Ru
Sif Muna
Xom
Yredelemnul
Zin
The Shining One
Jiyva

Shops:
D:4 :   D:6 [[[   D:13 :   D:14 ?   Orc:2 [*:(

Portals:
Abyss: Orc:1
Trove: D:11 (give +2 storm dragon scales)

Annotations:
Lair:5 1 runed translucent door
Orc:1 2 transporters, Forogyes's ghost, journeyman FeSu


Innate Abilities, Weirdness & Mutations

Your life essence is reduced to manifest your ancestor. (-10% HP)
You have a pair of horns on your head.
You reflexively headbutt those who attack you in melee.


Message History

You slice the spriggan defender!!
The spriggan defender is moderately wounded.
You block the spriggan defender's attack. x2
The spriggan defender blocks your attack.
You headbutt the spriggan defender!
The spriggan defender is heavily wounded.
You block the spriggan defender's attack.
The spriggan defender blocks your attack.
The spriggan defender is heavily wounded.
You block the spriggan defender's attack.
The spriggan defender blocks your attack.
You headbutt the spriggan defender.
The spriggan defender is heavily wounded.
The spriggan defender hits you with a +0 demon whip of flaming!
The spriggan defender burns you.
* * * LOW HITPOINT WARNING * * *
The spriggan defender hits you with a +0 demon whip of flaming.
* * * LOW HITPOINT WARNING * * *
The spriggan defender blocks your attack.
Your headbutt misses the spriggan defender.
The spriggan defender is heavily wounded.
The spriggan defender hits you with a +0 demon whip of flaming.
* * * LOW HITPOINT WARNING * * *
You slice the spriggan defender!! You headbutt the spriggan defender!
The spriggan defender is almost dead.
The spriggan defender hits you but does no damage.
You closely miss the spriggan defender.
The spriggan defender is almost dead.
You block the spriggan defender's attack.
You riposte.
You slash the spriggan defender!
You kill the spriggan defender!
You hit the ettin but do no damage.
The ettin is severely wounded.
The ettin hits you with a +0 dire flail!
* * * LOW HITPOINT WARNING * * *
You block the ettin's attack.
You slash the ettin!
The ettin is severely wounded.
The ettin hits you with a +0 dire flail!!
You die...

##...########..########...#
#...##$$...##..##....}##...
#..##[$$...##..##..)...##..
#.##($?(...##÷.##.....).##.
#.##$($)...##..##......[##.
#.##.......##÷.##.......##.
#.##.......##÷.##.......##.
#.##.....C##....##'.....##.
#.##.....#@.......#†....##.
#.########........########.
##.#######..........#######.
+.............⌠⌠............
+.............⌠⌠............
##.#######..........#######.
#.########........########.
#.##.....#........#.....##.
#.##...).'##....##).....##.


You could see an ettin.

Vanquished Creatures
  2 fire giants (Depths:2)
  A frost giant (D:15)
  An orc warlord (Orc:2)
  Louise (D:15)
  A spriggan defender (Depths:2)
  The ghost of hackum the Nimble, a journeyman TrFi of the Shining One (Lair:5)
  2 very ugly things (Depths:2)
  A dire elephant (Lair:5)
  A vampire knight (Depths:2)
  A spark wasp (Depths:2)
  2 ettins (Depths:2)
  2 fire dragons
  Harold (Lair:2)
  2 ice dragons (Depths:2)
  4 hydras
  2 centaur warriors (D:14)
  3 boulder beetles
  2 two-headed ogres (D:12)
  5 death yaks
  3 tengu warriors
  A vampire mage (Depths:1)
  Urug (D:12)
  An orc high priest (Orc:1)
  Amaemon (Lair:2)
  5 skeletal warriors (D:14)
  4 skysharks
  Pikel (D:8)
  A lindwurm (Lair:5)
  A glowing orange brain (Depths:2)
  A deep elf archer (D:14)
  2 deep elf pyromancers (D:14)
  6 orc knights
  A deep elf zephyrmancer (D:14)
  3 ugly things
  A wolf spider (Lair:2)
  4 manticores
  3 orc sorcerers (Orc:2)
  A salamander (Depths:1)
  6 cyclopes
  9 elephants
  A merfolk siren (Lair:2)
  2 black mambas
  5 torpor snails (Lair:5)
  3 gargoyles
  2 rime drakes
  5 cane toads
  3 centaur skeletons (D:14)
  A yaktaur (shapeshifter) (D:10)
  5 komodo dragons
  2 tengu conjurers
  9 polar bears (Lair:5)
  3 tyrant leeches (Lair:5)
  A raiju (Lair:5)
  10 hornets
  2 merfolk (Lair:2)
  5 trolls
  Grinder (D:5)
  A dream sheep (Lair:4)
  18 blink frogs
  2 centaur simulacra
  2 shadows
  6 slime creatures
  A vampire (D:11)
  2 wraiths (D:14)
  44 yaks
  Grum (D:8)
  3 wyverns
  7 basilisks
  5 vampire mosquitoes
  Menkaure (D:5)
  A golden eye (shapeshifter) (D:14)
  5 wargs
  4 acid dragons
  17 water moccasins
  12 hell hounds (Lair:5)
  2 floating eyes (Depths:2)
  25 orc warriors
  3 ice beasts
  12 black bears
  14 centaurs
  27 wolves
  6 ogres
  2 phantoms (D:5)
  3 kobold brigands
  Blork the orc (D:6)
  7 bullfrogs
  3 scorpions
  10 wights
  4 jellies
  2 gnoll boudas
  7 orc priests
  7 hounds
  3 iguanas
  17 orc wizards
  Robin (D:4)
  11 gnolls
  13 adders
  A shadow imp (D:5)
  6 dart slugs
  43 orcs
  5 ball pythons
  6 endoplasms
  A giant cockroach (D:2)
  12 goblins
  6 hobgoblins
  6 jackals (D:5)
  5 quokkas
  4 bats
  5 frilled lizards
  36 kobolds
  A rat (D:2)
600 creatures vanquished.

Vanquished Creatures (collateral kills)
  Rupert (D:12)
  A very ugly thing (Depths:2)
  A spark wasp (Depths:2)
  Fannar (Lair:1)
  A rakshasa (Depths:2)
  2 hydras (Lair:5)
  4 death yaks (Lair:5)
  A two-headed ogre (D:11)
  An orc high priest (Orc:2)
  A hell knight (Depths:2)
  A skeletal warrior (D:14)
  6 slime creatures
  An orc knight (D:14)
  A cyclops (D:15)
  A salamander (Depths:1)
  5 ugly things
  3 elephants (Lair:5)
  A merfolk siren (Lair:2)
  2 cane toads (Lair:5)
  Maggie (D:8)
  An orange demon (Lair:2)
  A kobold demonologist (D:14)
  A komodo dragon (Lair:4)
  A centaur skeleton (D:14)
  An unseen horror (D:12)
  A troll (D:11)
  A polar bear (Lair:5)
  A hornet (Lair:2)
  Prince Ribbit (D:6)
  A tyrant leech (Lair:5)
  4 blink frogs
  3 raiju (Lair:5)
  5 dream sheep (Lair:4)
  A vampire (D:11)
  13 yaks
  A redback (Lair:3)
  A vampire mosquito (D:14)
  A warg (Orc:2)
  An acid dragon (D:9)
  A hell hound (Lair:5)
  5 water moccasins
  A black bear (Lair:5)
  4 orc warriors
  2 ice beasts
  7 wolves
  A bullfrog (Lair:4)
  A wight (D:9)
  5 orc priests
  A jelly (D:7)
  4 orc wizards
  2 adders (Lair:2)
  5 gnolls
  An ufetubus (D:5)
  14 orcs
  3 kobolds
  A quokka (D:4)
  A ball python (D:4)
  A spectral orc (D:7)
136 creatures vanquished.

Vanquished Creatures (others)
  A redback (shapeshifter) (Depths:2)
  15 battlemagi
  32 bushes
  47 fungi
  126 plants
221 creatures vanquished.

Grand Total: 957 creatures vanquished

Notes
Turn   | Place    | Note
-------+----------+-------------------------------------------
     0 | D:1      | Anon1729 the Minotaur Monk began the quest for the Orb.
     0 | D:1      | Reached XP level 1. HP: 19/19 MP: 0/0
   113 | D:1      | Reached XP level 2. HP: 15/27 MP: 1/1
   135 | D:1      | Reached skill level 4 in Long Blades
   222 | D:1      | Reached skill level 1 in Armour
   389 | D:1      | Reached XP level 3. HP: 33/33 MP: 2/2
   807 | D:2      | Found a faded altar of an unknown god.
  1031 | D:2      | Found a sparkling altar of Nemelex Xobeh.
  1416 | D:3      | Reached XP level 4. HP: 36/40 MP: 3/3
  1953 | D:4      | Found Iriapsiu's Book Emporium.
  2014 | D:4      | Reached skill level 5 in Long Blades
  2036 | D:4      | Noticed Robin
  2041 | D:4      | Killed Robin
  2042 | D:4      | Reached XP level 5. HP: 46/46 MP: 4/4
  2192 | D:4      | Reached skill level 1 in Ranged Weapons
  2221 | D:4      | Found a sacrificial altar of Ru.
  2369 | D:4      | Reached XP level 6. HP: 42/53 MP: 5/5
  2481 | D:4      | You fall into a shaft and drop 2 floors!
  2633 | D:6      | Found Joraj's Antique Armour Shop.
  2647 | D:6      | Noticed a water moccasin
  2671 | D:6      | Reached skill level 6 in Long Blades
  2786 | D:6      | Identified the +0 leather armour of the Plum {rPois Int+6
                  | Dex-3 SInv}
  2910 | D:6      | Found Foajuzi's Armour Boutique.
  2928 | D:6      | Reached XP level 7. HP: 19/58 MP: 6/6
  2929 | D:6      | Reached skill level 5 in Fighting
  3221 | D:6      | Found a burning altar of Makhleb.
  3283 | D:6      | Reached skill level 7 in Long Blades
  3299 | D:6      | Noticed Blork the orc
  3307 | D:6      | Reached skill level 5 in Dodging
  3310 | D:6      | Killed Blork the orc
  3311 | D:6      | Reached XP level 8. HP: 65/69 MP: 7/7
  3515 | D:6      | Found Venai's Armour Shop.
  3749 | D:7      | Noticed a hornet
  3757 | D:7      | Killed a hornet
  3763 | D:7      | Reached skill level 8 in Long Blades
  3808 | D:5      | Entered Level 5 of the Dungeon
  4116 | D:5      | Found a broken altar of Ashenzari.
  4138 | D:5      | Noticed Grinder
  4149 | D:5      | Killed Grinder
  4150 | D:5      | Reached XP level 9. HP: 59/78 MP: 8/8
  4232 | D:5      | Reached skill level 9 in Long Blades
  4414 | D:5      | Found a glowing silver altar of Zin.
  4479 | D:5      | Found a shimmering blue altar of Sif Muna.
  4480 | D:5      | Found a white marble altar of Elyvilon.
  4482 | D:5      | Found a stormy altar of Qazlal.
  4482 | D:5      | Found a hazy altar of Hepliaklqana.
  4482 | D:5      | Noticed Menkaure
  4483 | D:5      | Found an opulent altar of Gozag.
  4488 | D:5      | Killed Menkaure
  4684 | D:5      | Found a shimmering altar of Xom.
  4697 | D:5      | Became a worshipper of Hepliaklqana the Forgotten
  4697 | D:5      | Reached * piety under Hepliaklqana
  4697 | D:5      | Reached ** piety under Hepliaklqana
  4698 | D:5      | Remembered your ancestor Snaaib as a battlemage
  5084 | D:4      | Found a staircase to the Ecumenical Temple.
  5322 | D:7      | Reached skill level 1 in Invocations
  5422 | D:7      | Found an ancient bone altar of Kikubaaqudgha.
  5530 | D:7      | Reached skill level 5 in Ranged Weapons
  5717 | D:7      | Found a basalt altar of Yredelemnul.
  5827 | D:8      | Reached skill level 5 in Stealth
  6074 | D:8      | Reached skill level 10 in Long Blades
  6091 | D:8      | Noticed Maggie
  6091 | D:8      | Noticed Grum
  6098 | D:8      | Killed Maggie
  6099 | D:8      | Reached XP level 10. HP: 54/77 MP: 11/11
  6105 | D:8      | Killed Grum
  6230 | D:8      | Noticed Pikel
  6238 | D:8      | Killed Pikel
  6282 | D:8      | Reached *** piety under Hepliaklqana
  6638 | D:6      | Noticed Prince Ribbit
  6640 | D:6      | Killed Prince Ribbit
  6861 | D:9      | Reached skill level 11 in Long Blades
  6863 | D:9      | Reached skill level 5 in Invocations
  6933 | D:9      | Identified the +0 leather armour "Nerriojo" {rPois}
  7113 | D:9      | Found a staircase to the Lair.
  7207 | D:9      | Found a shadowy altar of Dithmenos.
  7378 | D:10     | Entered Level 10 of the Dungeon
  7523 | D:10     | Reached XP level 11. HP: 85/85 MP: 14/14
  7566 | D:10     | Reached **** piety under Hepliaklqana
  8348 | D:11     | Reached skill level 12 in Long Blades
  8486 | D:11     | Found a glowing golden altar of the Shining One.
  8905 | D:11     | Noticed a two-headed ogre
  8910 | D:11     | Killed a two-headed ogre
  8979 | D:11     | Reached ***** piety under Hepliaklqana
  8982 | D:11     | Noticed a purple ugly thing
  8992 | D:11     | Killed a purple ugly thing
  9120 | D:11     | Found a staircase to the Orcish Mines.
  9137 | D:11     | Identified the ring "Viteyn" {Will+ Str+3}
  9150 | D:11     | Found a portal to a secret trove of treasure.
  9312 | D:11     | Found the +2 shield of Resistance {rF++ rC++ Will++}
  9404 | D:11     | Identified the +1 scale mail "Udda" {rF- rN+++ Regen+
                  | Stlth-}
  9430 | D:12     | Reached skill level 1 in Shields
  9484 | D:12     | Noticed a boulder beetle
  9495 | D:12     | Killed a boulder beetle
  9502 | D:12     | Noticed Rupert
  9514 | D:12     | Noticed a white ugly thing
  9558 | D:12     | Killed Rupert
  9559 | D:12     | Reached skill level 13 in Long Blades
  9559 | D:12     | Reached XP level 12. HP: 9/94 MP: 13/16
  9663 | D:12     | Noticed a two-headed ogre
  9672 | D:12     | Killed a two-headed ogre
  9814 | D:12     | Noticed a two-headed ogre
  9822 | D:12     | Killed a two-headed ogre
  9961 | D:12     | Noticed Urug
  9969 | D:12     | Killed Urug
 10247 | D:12     | Reached skill level 10 in Fighting
 10341 | D:13     | Found Mur Tub's Vocational Training.
 10351 | D:13     | Reached skill level 5 in Shields
 10574 | D:6      | Bought the +0 pair of fencer's gloves {Riposte Dex+3} for
                  | 520 gold pieces
 10574 | D:6      | Found the +0 pair of fencer's gloves {Riposte Dex+3}
 11079 | D:13     | Noticed a boulder beetle
 11083 | D:13     | Killed a boulder beetle
 11255 | D:14     | Reached skill level 14 in Long Blades
 11345 | D:14     | Noticed a four-headed hydra
 11399 | D:14     | Identified the +4 scale mail of the Voracious Tick {Will+
                  | Str+2 SInv}
 11500 | D:14     | Reached XP level 13. HP: 99/102 MP: 18/18
 11784 | D:14     | Found a gate to the Vaults.
 12066 | D:14     | Found Zuubomm's Magic Scroll Shoppe.
 12069 | D:14     | Bought a scroll of teleportation for 39 gold pieces
 12069 | D:14     | Bought a scroll of fear for 52 gold pieces
 12069 | D:14     | Bought a scroll of teleportation for 39 gold pieces
 12197 | Lair:1   | Entered Level 1 of the Lair of Beasts
 12417 | Lair:1   | Noticed Fannar
 12423 | Lair:1   | Killed Fannar
 13336 | Lair:2   | Reached skill level 10 in Dodging
 13342 | Lair:2   | Noticed Harold
 13352 | Lair:2   | Killed Harold
 13353 | Lair:2   | Reached skill level 10 in Invocations
 13483 | Lair:2   | Found a staircase to the Shoals.
 13612 | Lair:2   | Noticed Amaemon
 13618 | Lair:2   | Killed Amaemon
 13855 | Lair:2   | Paralysed by a hornet for 3 turns
 14117 | Lair:2   | Reached skill level 15 in Long Blades
 15155 | Lair:3   | Found a hole to the Spider Nest.
 15392 | Lair:3   | Reached XP level 14. HP: 111/111 MP: 20/20
 16005 | Lair:4   | Reached ****** piety under Hepliaklqana
 16178 | Lair:4   | Found a viscous altar of Jiyva.
 16178 | Lair:4   | Found a staircase to the Slime Pits.
 16609 | Lair:5   | Entered Level 5 of the Lair of Beasts
 16913 | Lair:5   | Reached skill level 10 in Shields
 17267 | Lair:5   | Found a runed translucent gate.
 17344 | Lair:5   | Reached skill level 16 in Long Blades
 17349 | Lair:5   | Found a runed translucent gate.
 17697 | Lair:5   | Found a runed translucent gate.
 17698 | Lair:5   | Noticed hackum's ghost (journeyman TrFi)
 17739 | Lair:5   | Killed hackum's ghost
 18421 | Lair:5   | Reached XP level 15. HP: 53/118 MP: 17/22
 18907 | Lair:5   | Found a runed translucent door.
 19528 | Orc:1    | Entered Level 1 of the Orcish Mines
 19626 | Orc:1    | Found a one-way gate to the infinite horrors of the Abyss.
 19626 | Orc:1    | Noticed Forogyes's ghost (journeyman FeSu)
 19874 | Orc:1    | Found a transporter.
 19953 | Orc:1    | Found a transporter.
 19990 | Orc:1    | Identified the +3 battleaxe of Ugia {flame, +Blink}
 20314 | Orc:2    | Entered Level 2 of the Orcish Mines
 21059 | Orc:2    | Found a staircase to the Elven Halls.
 21059 | Orc:2    | Found Peqaych's Antique Weapon Shop.
 21060 | Orc:2    | Found Ozihe's Book Boutique.
 21296 | Orc:2    | Reached skill level 17 in Long Blades
 21615 | Orc:2    | Found Totuu's General Store.
 21636 | Orc:2    | Found Xyqahum's Antique Armour Shop.
 22078 | D:15     | Entered Level 15 of the Dungeon
 22156 | D:15     | Identified the +7 tower shield of Poor Excuses {Dex+4}
 22156 | D:15     | Noticed Louise
 22169 | D:15     | Killed Louise
 22188 | D:15     | Identified the +5 war axe "Ygiulum" {flame, rElec}
 22478 | D:15     | Found a staircase to the Depths.
 22478 | D:15     | Noticed a frost giant
 22483 | D:15     | Killed a frost giant
 23007 | D:14     | Found a sparkling altar of Nemelex Xobeh.
 23207 | Depths:1 | Entered Level 1 of the Depths
 23285 | Depths:1 | You fall into a shaft and drop 1 floor!
 23285 | Depths:2 | Noticed a fire giant
 23299 | Depths:2 | Killed a fire giant
 23565 | Depths:2 | Reached XP level 16. HP: 126/126 MP: 18/24
 23914 | Depths:2 | Slain by an ettin

Illustrated notes

Levels and vault maps discovered:
D:1:      dpeg_arrival_pits, layout_basic
D:2:      layout_loops_ring, shapermc_ecumenical_altar_pompeii, basic_altar
D:3:      layout_loops_ring
D:4:      layout_loops_ring, nicolae_ru_path_of_blood,
          minmay_temple_entry_trees, portal_sewer_entry_e, serial_shops, shop,
          hangedman_abyss_or_decor_stagger, chequers_serial_rivers_micro_a,
          minmay_misc_feat_pillars, uniq_robin
D:5:      layout_rooms, lemuel_doored_altar,
          nicolae_overflow_hallway_of_the_gods, uniq_menkaure, uniq_grinder
D:6:      kennysheep_kobold_camp, layout_gridville, bloody_makhleb,
          serial_shops, nicolae_shop_stone, nicolae_square_shop,
          kennysheep_mini_moat, uniq_prince_ribbit1, uniq_blork_the_orc
D:7:      layout_basic, kiku_gazebo_garden_becter,
          yredelemnul_forgotten_temple_becter
D:8:      layout_cave_pools, minmay_fountain_box, uniq_maggie, uniq_pikel,
          uniq_grum
D:9:      layout_long_grid, grunt_dithmenos_shadows, lair_entry_dummy
D:10:     layout_stronghold, serial_park_tiny_1, minivault_20,
          dreamdust_princess_corridor
D:11:     layout_irregular_city, orc_0_dummy, nicolae_trove_entry_crossroad,
          minivault_21, tso_metal_star
D:12:     layout_roguey, kennysheep_generic_room_14, uniq_urug, uniq_rupert
D:13:     layout_basic, nicolae_shop_vocational
D:14:     layout_loops_cross, hangedman_vaults_entry_quadrant_bands,
          serial_shops, kennysheep_mini, nemelex_diamond_rough_becter
D:15:     grunt_enter_depths_snipers, layout_cross, uniq_louise
Lair:1:   layout_cave_pods, serial_bayou_pond_a, uniq_fannar
Lair:2:   minmay_lair_venomous_thicket, layout_concentric_octagons,
          elwin_shoals_entry_stream, lemuel_fruit_tree, uniq_harold,
          uniq_amaemon
Lair:3:   layout_regular_city, spider_nest_entry_a
Lair:4:   layout_long_grid, minmay_slime_entry_pillars
Lair:5:   wormcave, layout_gridlike, hangedman_lair_caniforms_friends,
          ebering_ghost_rock_garden, minmay_hedge_maze
Orc:1:    layout_caves, gammafunk_ghost_abyssal_escape, nicolae_orc_tapped_out
Orc:2:    grunt_orc_gardens, layout_caves, grunt_orc_garden, grunt_orc_garden,
          grunt_orc_garden, grunt_orc_garden, minmay_orc_keep
Depths:1: layout_gridlike, minmay_misc_feat_encased, pan_entry, pf_coc_iceberg,
          kennysheep_diamond, hangedman_decor_push, minmay_three_doors,
          serial_bayou_shore_b
Depths:2: four-leaf_vault, layout_cave_pools, pan_entry,
          pf_hell_entry_tar_spiral, serial_shops, nicolae_shop_behind_doors,
          abyss_entry, ashenzari_altar_1, infiniplex_staircase_zigzag_3

Skill      XL: |  1  2  3  4  5  6  7  8  9 10 11 12 13 14 15 16 |
---------------+-------------------------------------------------+-----
Long Blades    | 4 5 6 7 8 10 11 13 14 15 16 17 | 17.8
Armour         | 1 2 3 4 |  4.0
Fighting       | 4 5 6 7 8 9 10 11 12 13 | 13.0
Stealth        | 2 3 4 5 6 7 8 9 |  9.9
Dodging        | 4 5 6 7 8 9 10 11 12 | 12.1
Ranged Weapons | 1 2 3 4 5 6 7 |  7.4
Invocations    | 3 5 7 9 10 11 13 | 13.3
Shields        | 2 6 8 11 12 13 | 13.0

Action                     |  1- 3 |  4- 6 |  7- 9 | 10-12 | 13-15 | 16-18 || total
---------------------------+-------+-------+-------+-------+-------+-------++-------
  Melee: Falchion          |    70 |    79 |    11 |       |       |       ||   160
         Headbutt          |    12 |    18 |    22 |    59 |   216 |    30 ||   357
         Punch             |       |     1 |     1 |       |       |       ||     2
         Great sword       |       |       |   141 |   253 |   585 |       ||   979
         Scimitar          |       |       |       |       |    98 |    71 ||   169
 Invoke: Ancestor Life: Ba |       |       |     1 |       |       |       ||     1
         Transference      |       |       |       |     1 |       |       ||     1
         Idealise          |       |       |       |       |     4 |       ||     4
         Recall Ancestor   |       |       |       |       |     3 |       ||     3
  Evoke: Wand              |       |       |     1 |     8 |     6 |       ||    15
    Use: Scroll            |       |       |       |    20 |    14 |     2 ||    36
         Potion            |       |       |       |     2 |    17 |       ||    19
   Stab: Sleeping          |     3 |     2 |     2 |     5 |    10 |       ||    22
         Distracted        |       |       |     1 |     9 |    18 |     3 ||    31
 Armour: Robe              |    11 |       |       |       |       |       ||    11
         Leather armour    |    10 |    17 |    46 |    15 |       |       ||    88
         Troll leather arm |       |       |       |    14 |       |       ||    14
         Scale mail        |       |       |       |     5 |   248 |     7 ||   260
  Dodge: Dodged            |    43 |    49 |   135 |   213 |   515 |    23 ||   978
  Block: Other             |       |     9 |    55 |    62 |   136 |       ||   262
         Reflection        |       |       |       |     7 |    11 |       ||    18
         Kite shield       |       |       |       |       |    81 |    43 ||   124
Riposte: Great sword       |       |       |       |     4 |   149 |       ||   153
         Scimitar          |       |       |       |       |    18 |    14 ||    32

Table legend: (Time is in decaauts)
 A = Elapsed time spent in this place.
 B = Non-inter-level travel time spent in this place.
 C = Inter-level travel time spent in this place.
 D = Time resting spent in this place.
 E = Time spent auto-exploring this place.
 F = Levels seen in this place.
 G = Mean time per level.
                   A        B        C        D        E       F      G
               +--------+--------+--------+--------+--------+-----+--------+
         Total |  23952 |  22446 |   1506 |   2528 |  16123 |  24 |  998.0 |
       Dungeon |  13537 |  12304 |   1233 |    901 |   9251 |  15 |  902.5 |
          Lair |   7272 |   7083 |    189 |    849 |   5260 |   5 | 1454.4 |
  Orcish Mines |   2455 |   2373 |     82 |    716 |   1279 |   2 | 1227.5 |
        Depths |    687 |    687 |      0 |     62 |    332 |   2 |  343.5 |
               +--------+--------+--------+--------+--------+-----+--------+

Top non-repeatable levels by time:
  Lair:5: 2415 daAuts
     D:6: 1610 daAuts
  Lair:2: 1552 daAuts
   Orc:1: 1524 daAuts
    D:14: 1344 daAuts
    D:11: 1232 daAuts
  Lair:3: 1172 daAuts
  Lair:4: 1082 daAuts
  Lair:1: 1050 daAuts
    D:10: 993 daAuts
    D:12: 939 daAuts
   Orc:2: 930 daAuts
     D:5: 898 daAuts
     D:4: 879 daAuts
     D:2: 766 daAuts
